 Dungeon Crawl Stone Soup version 0.27-a0-406-g23f261fbd2 (webtiles) character file.

Game seed: 9027920693513448129

56 jiml777 the Gusty (level 3, 0/54 HPs)
             Began as a Demonspawn Air Elementalist on Feb 22, 2021.
             Succumbed to an adder's poison
             ... on level 2 of the Dungeon.
             The game lasted 00:11:44 (1847 turns).

jiml777 the Gusty (Demonspawn Air Elementalist)     Turns: 1847, Time: 00:11:45

Health: 0/54       AC: 21    Str:  8    XL:     3   Next: 71%
Magic:  7/7        EV:  2    Int: 17    God:
Gold:   142        SH:  0    Dex: 13    Spells: 4/7 levels left

rFire    . . .     SeeInvis .   f - +0 dagger
rCold    . . .     Faith    .   (no shield)
rNeg     + + +     Spirit   .   (armour currently unavailable)
rPois    +         Reflect  .   (helmet currently unavailable)
rElec    .         Harm     .   (cloak currently unavailable)
rCorr    .         Rampage  .   (gloves currently unavailable)
Will     .....     NoTele   +   (boots currently unavailable)
Stlth    ..........             (no amulet)
HPRegen  0.18/turn              (no ring)
MPRegen  0.10/turn              (no ring)

@: berserking (expiring), lethally poisoned (0 -> -6), tree-form, very quick
A: demonic guardian 1
a: no special abilities


You were on level 2 of the Dungeon.
You were a tree.
You visited 1 branch of the dungeon, and saw 2 of its levels.

You collected 142 gold pieces.

Inventory:

Hand Weapons
 f - a +0 dagger (weapon)
Missiles
 g - 34 arrows
 h - 47 stones
 i - 17 bolts
Armour
 a - a +0 robe (melded)
Scrolls
 d - a scroll of fear {unknown}
 e - 3 scrolls of identify {unknown}
 k - 2 scrolls of noise {unknown}
 l - a scroll of blinking {unknown}
Potions
 b - a potion of lignification
 j - a potion of magic
 n - a potion of curing {unknown}


   Skills:
 + Level 0.2 Fighting
 + Level 0.2 Short Blades
 + Level 2.1 Dodging
 + Level 1.9 Stealth
 + Level 2.6 Spellcasting
 + Level 1.2 Conjurations
 + Level 3.3 Air Magic


You had 4 spell levels left.
You knew the following spells:

 Your Spells              Type           Power        Failure   Level
a - Shock                 Conj/Air       40%          7%          1
b - Swiftness             Air            13%          7%          2

Your spell library contained the following spells:

 Spells                   Type           Power        Failure   Level
 Static Discharge         Conj/Air       10%          22%         3
 Airstrike                Air            6%           41%         4
 Lightning Bolt           Conj/Air       5%           89%         5


Dungeon Overview and Level Annotations

Branches:
Dungeon (2/15)

Altars:


Innate Abilities, Weirdness & Mutations

A weak demonic guardian rushes to your aid.
((When seriously injured, your bleeding wounds create armour. (AC +0)))


Message History

You are very lightly contaminated with residual magic.
Nothing appears to happen.
* * * LOW HITPOINT WARNING * * *
You feel sick. The adder bites you but does no damage.
You completely miss the adder.
The adder is almost dead.
* * * LOW HITPOINT WARNING * * *
You feel sick. The adder bites you.
* * * LOW HITPOINT WARNING * * *
A demonic guardian appears!
You are more poisoned.
The adder poisons you!
* * * LOW HITPOINT WARNING * * *
You feel sick.
It was a potion of lignification.
You turn into a tree.
Your +0 robe melds into your body.
Your roots penetrate the ground.
Your blood armour dries and flakes away.
* * * LOW HITPOINT WARNING * * *
You feel sick. The adder bites you but does no damage.
Your iron imp closely misses the adder.
The adder barely misses you.
It was a potion of magic.
Magic courses through your body.
* * * LOW HITPOINT WARNING * * *
You feel sick. The adder bites you but does no damage.
Your iron imp barely misses the adder.
It was a potion of flight.
Your roots keep you in place.
The adder bites you but does no damage.
Your iron imp closely misses the adder.
It was a potion of berserk rage.
A red film seems to cover your vision as you go berserk!
You feel yourself moving faster!
You feel mighty!
* * * LOW HITPOINT WARNING * * *
You feel sick. The adder bites you but does no damage. The adder bites you.
* * * LOW HITPOINT WARNING * * *
Your iron imp hits the adder!
The adder dies!
Your magical contamination has completely faded away.
You are too berserk!
Unknown command.
There is a lethal amount of poison in your body!
You feel a strong urge to attack something.
You die...

....###.## # #.# # ##.#
#. #.##..# #.. .. #.##.##
..... #.##.### ....
#.##.#.. #.#.######
#.##.#.# #....♣...#
#.#....# ####...##.#.#
#.#.#...
......)#.#5.######.......
###....###........#.....
#.?.## ##.#####.......
#... ##.# ###.#... #....
... ......# #...#
##########.# #... #.#


You could see a friendly iron imp (summoned).

Vanquished Creatures
  An adder (D:2)
  An ooze (D:1)
  3 leopard geckos
  3 bats (D:1)
  2 giant cockroaches
  4 goblins (D:1)
  5 hobgoblins
  5 frilled lizards
  5 kobolds
  6 rats
35 creatures vanquished.

Vanquished Creatures (collateral kills)
  An adder (D:2)
1 creature vanquished.

Grand Total: 36 creatures vanquished

Notes
Turn   | Place    | Note
-------+----------+-------------------------------------------
     0 | D:1      | jiml777 the Demonspawn Air Elementalist began the quest for
                  | the Orb.
     0 | D:1      | Reached XP level 1. HP: 13/13 MP: 3/3
    27 | D:1      | Reached skill level 3 in Air Magic
    54 | D:1      | Gained mutation: When seriously injured, your bleeding
                  | wounds create armour. (AC +0) [demonic ancestry]
    54 | D:1      | Reached XP level 2. HP: 19/19 MP: 0/5
   951 | D:1      | Gained mutation: A weak demonic guardian rushes to your
                  | aid. [demonic ancestry]
   951 | D:1      | Reached XP level 3. HP: 21/24 MP: 4/6
  1330 | D:2      | Learned a level 2 spell: Swiftness
  1846 | D:2      | HP: 1/54 [adder (2)]
  1847 | D:2      | Succumbed to an adder's poison

Illustrated notes

Levels and vault maps discovered:
D:1:      onia_arrival_handbag, layout_rooms, item_on_display_a
D:2:      layout_loops_ring, minmay_goblin_outpost

Skill      XL: |  1  2 |
---------------+-------+-----
Air Magic      | 3 |  3.3
Dodging        | 2 |  2.1
Fighting       | |  0.2
Short Blades   | |  0.2
Stealth        | |  1.9
Spellcasting   | |  2.6
Conjurations   | |  1.2

Action                   || total
-------------------------++-------
Melee: Dagger            ||    48
 Cast: Shock             ||    67
  Use: Potion            ||     4
Armor: Robe              ||    14
       Skin              ||     4
Dodge: Dodged            ||    48

Table legend: (Time is in decaauts)
 A = Elapsed time spent in this place.
 B = Non-inter-level travel time spent in this place.
 C = Inter-level travel time spent in this place.
 D = Time resting spent in this place.
 E = Time spent auto-exploring this place.
 F = Levels seen in this place.
 G = Mean time per level.
                   A        B        C        D        E       F      G
               +--------+--------+--------+--------+--------+-----+--------+
         Total |   1846 |   1835 |     11 |    923 |    446 |   2 |  923.0 |
       Dungeon |   1846 |   1835 |     11 |    923 |    446 |   2 |  923.0 |
               +--------+--------+--------+--------+--------+-----+--------+

Top non-repeatable levels by time:
     D:1: 1185 daAuts
     D:2: 660 daAuts
